 Dungeon Crawl Stone Soup version 0.29-a0-870-g2c972031a6 (webtiles) character file.

Game seed: 8371482881945996456

111 jimonade the Covered (level 5, -6/41 HPs)
             Began as a Djinni Fighter on July 17, 2022.
             Mangled by an orc
             ... wielding a +0 flail
              (7 damage)
             ... on level 3 of the Dungeon.
             The game lasted 00:04:12 (3068 turns).

jimonade the Covered (Djinni Fighter)               Turns: 3068, Time: 00:04:13

Health: -6/41      AC:  9    Str: 15    XL:     5   Next: 15%
Gold:   136        EV:  6    Int: 11    God:
                   SH:  4    Dex: 13

rFire   + + .      SeeInvis .   a - +0 short sword (venom)
rCold   x . .      Faith    .   c - +0 buckler
rNeg    . . .      Spirit   .   p - +0 scale mail
rPois   ∞          Reflect  .   (no helmet)
rElec   .          Harm     .   x - +0 cloak
rCorr   .          Rampage  .   i - +0 pair of gloves
Will    .....                   (boots unavailable)
Stlth   ..........              (no amulet)
HPRegen 0.13/turn               (no ring)
MPRegen 0.00/turn               (no ring)

@: flying, constricted
A: sickness immunity, fire resistance 2, cold vulnerability 1, float, innate
caster, HP casting, extra vitality 1
a: no special abilities


You were on level 3 of the Dungeon.
You visited 1 branch of the dungeon, and saw 3 of its levels.

You collected 136 gold pieces.

Inventory:

Hand Weapons
 a - a +0 short sword of venom (weapon)
 b - a +0 sling
 k - a +1 whip of venom
 w - a +0 long sword
Missiles
 f - 13 poisoned darts (quivered)
 j - 30 stones
Armour
 c - a +0 buckler (worn)
 i - a +0 pair of gloves (worn)
 p - a +0 scale mail (worn)
 x - a +0 cloak (worn)
Scrolls
 g - a scroll of magic mapping {unknown}
 h - 2 scrolls of poison {unknown}
 l - a scroll of blinking {unknown}
 n - a scroll of enchant armour {unknown}
 r - a scroll of immolation {unknown}
 t - 2 scrolls of enchant weapon {unknown}
 u - a scroll of identify {unknown}
 v - a scroll of fog {unknown}
Potions
 d - a potion of might
 e - a potion of curing {unknown}
 m - 2 potions of attraction {unknown}
 o - a potion of ambrosia {unknown}
 q - a potion of resistance {unknown}
 s - a potion of lignification {unknown}


   Skills:
 * Level 3.7 Fighting
 + Level 0.1(1.2) Short Blades
 - Level 2.0 Long Blades
 + Level 3.8 Armour
 + Level 1.0 Dodging
 + Level 3.2 Shields
 * Level 1.3 Spellcasting


You had 3 spell levels left.
You knew the following spells:

 Your Spells              Type           Power      Damage    Failure   Level
a - Foxfire               Conj/Fire      12%        2x1d4     65%         1
b - Call Imp              Summ           3%         N/A       80%         2
Your spell library was empty.

Dungeon Overview and Level Annotations

Branches:
Dungeon (3/15)

Altars:

Annotations:
D:1 1 runed translucent door


Innate Abilities, Weirdness & Mutations

You are immune to sickness and miasma.
You are immune to poison.
Your flesh is very heat resistant. (rF++)
You are vulnerable to cold. (rC-)
You float through the air rather than walking.
You learn spells naturally, not from books.
Your magical power is your life essence.
You have superior vitality. (+4 MHP)


Message History

You hit Jessica.
Jessica is lightly wounded.
The ball python barely misses you. x2
Jessica gestures wildly while chanting.
Jessica seems to speed up.
The ball python bites you. You block the ball python's attack.
Unknown command.
You hit Jessica.
Jessica is poisoned.
Jessica is lightly wounded.
Jessica closely misses you. You block the ball python's attack.
The ball python grabs you. The ball python constricts you.
An orc comes into view. It is wielding a +0 whip.
You hit Jessica.
Jessica is heavily wounded.
Jessica casts a spell at you. Pain shoots through your body!
The ball python bites you. The ball python constricts you.
Jessica points at you and mumbles some strange words.
Pain shoots through your body!
* * * LOW HITPOINT WARNING * * *
You hit Jessica.
You kill Jessica!
The ball python bites you but does no damage.
The ball python constricts you.
* * * LOW HITPOINT WARNING * * *
You block the ball python's attack. The ball python constricts you.
Your Dodging skill increases to level 1!
You have reached level 5!
The power to cast Call Imp wells up from within.
Spell assigned to 'b'.
You hit the orc.
The orc is poisoned.
The orc is heavily wounded.
The orc barely misses you. You block the ball python's attack.
The ball python constricts you.
You barely miss the orc.
The orc is heavily wounded.
The ball python bites you.
* * * LOW HITPOINT WARNING * * *
The ball python constricts you. The orc hits you with a +0 flail!
You die...

####
...##
#.).#
... ...
#># #÷#
#S##
#@.#
#o#....#
.###.#>#
.# ...
.# (##
#. . #
##


You could see an orc (very poisoned) and a ball python.

Vanquished Creatures
  Ijyb (D:3)
  Jessica (D:3)
  2 dart slugs
  2 bats (D:1)
  6 endoplasms
  2 giant cockroaches (D:1)
  5 goblins
  7 hobgoblins
  4 jackals (D:2)
  4 quokkas
  4 ball pythons
  3 frilled lizards
  5 kobolds (D:2)
  A rat (D:2)
47 creatures vanquished.

Notes
Turn   | Place    | Note
-------+----------+-------------------------------------------
     0 | D:1      | jimonade the Djinni Fighter began the quest for the Orb.
     0 | D:1      | Reached XP level 1. HP: 20/20 MP: 0/0
     1 | D:1      | Found a runed translucent door.
    74 | D:1      | Found a faded altar of an unknown god.
   132 | D:1      | HP: 1/20 [frozen (6)]
   649 | D:1      | Reached XP level 2. HP: 24/25 MP: 0/0
   912 | D:1      | Reached XP level 3. HP: 21/30 MP: 0/0
   912 | D:1      | Learned a level 1 spell: Foxfire
  2311 | D:2      | Reached XP level 4. HP: 34/35 MP: 0/0
  2400 | D:2      | Reached skill level 1 in Spellcasting
  2851 | D:3      | Noticed Ijyb
  2861 | D:3      | Killed Ijyb
  3061 | D:3      | Noticed Jessica
  3066 | D:3      | Killed Jessica
  3067 | D:3      | Reached skill level 1 in Dodging
  3067 | D:3      | Reached XP level 5. HP: 4/41 MP: 0/0
  3067 | D:3      | Learned a level 2 spell: Call Imp
  3068 | D:3      | HP: 1/41 [ball python (3)]
  3068 | D:3      | Mangled by an orc

Illustrated notes

Levels and vault maps discovered:
D:1:      dpeg_arrival_caged_fury, layout_basic,
          hellmonk_ecumenical_altar_run_dry
D:2:      minmay_kobold_bridge, layout_loops_ring, serial_co_window_serial,
          co_window_cross_1, co_window_paths_a, co_window_corner_a,
          co_window_paths_a, co_window_cross_1, co_window_paths_a,
          co_window_of_opportunity_a, co_window_of_opportunity_a,
          co_window_corner_a, co_window_corner_b, co_window_corner_b,
          co_window_of_opportunity_c, co_window_broadway_b, co_window_paths_d,
          glass_columns_c
D:3:      layout_loops_ring, yredelemnul_altar_generic, chequers_jeans,
          patterned_corridor, uniq_ijyb, uniq_jessica

Skill      XL: |  1  2  3  4 |
---------------+-------------+-----
Long Blades    | 2 |  2.0
Spellcasting   | 1 |  1.3
Dodging        | 1 |  1.0
Fighting       | |  3.7
Short Blades   | |  0.1
Armour         | |  3.8
Shields        | |  3.2

Action                   |  1- 3 |  4- 6 || total
-------------------------+-------+-------++-------
Melee: Long sword        |    71 |       ||    71
       Whip              |    45 |    12 ||    57
       Short sword       |       |    36 ||    36
Armor: Scale mail        |    48 |    12 ||    60
Dodge: Dodged            |    39 |    26 ||    65
Block: Buckler           |    27 |    11 ||    38

Table legend: (Time is in decaauts)
 A = Elapsed time spent in this place.
 B = Non-inter-level travel time spent in this place.
 C = Inter-level travel time spent in this place.
 D = Time resting spent in this place.
 E = Time spent auto-exploring this place.
 F = Levels seen in this place.
 G = Mean time per level.
                   A        B        C        D        E       F      G
               +--------+--------+--------+--------+--------+-----+--------+
         Total |   3103 |   3061 |     42 |    961 |   1550 |   3 | 1034.3 |
       Dungeon |   3103 |   3061 |     42 |    961 |   1550 |   3 | 1034.3 |
               +--------+--------+--------+--------+--------+-----+--------+

Top non-repeatable levels by time:
     D:1: 1668 daAuts
     D:2: 1410 daAuts
     D:3: 25 daAuts
